 Dungeon Crawl Stone Soup version 0.27.0-1-g7a08968 (webtiles) character file.

Game seed: 7651824668063217218

515 Illumine the Covert (level 7, -5/44 HPs)
             Began as a Kobold Delver on Aug 21, 2021.
             Slain by an orc priest (8 damage)
             ... in the Ecumenical Temple on Aug 23, 2021.
             The game lasted 00:06:54 (3066 turns).

Illumine the Covert (Kobold Delver)                 Turns: 3066, Time: 00:06:54

Health: -5/44      AC:  3    Str: 11    XL:     7   Next: 44%
Magic:  7/7        EV: 15    Int: 12    God:
Gold:   188        SH:  0    Dex: 16    Spells: 6/6 levels left

rFire    . . .     SeeInvis .   a - +0 short sword
rCold    . . .     Faith    .   (shield restricted)
rNeg     . . .     Spirit   .   b - +0 leather armour
rPois    .         Reflect  .   (no helmet)
rElec    .         Harm     .   (no cloak)
rCorr    .         Rampage  .   (no gloves)
Will     .....                  (no boots)
Stlth    +++++.....             n - amulet of regeneration
HPRegen  1.14/turn              (no ring)
MPRegen  0.10/turn              (no ring)

@: no status effects
A: small, no large weapons, nightstalker 3
a: no special abilities


You were in the Ecumenical Temple.
You visited 2 branches of the dungeon, and saw 6 of its levels.

You collected 188 gold pieces.

Inventory:

Hand Weapons
 a - a +0 short sword (weapon)
 i - a +0 hunting sling
 k - a +0 hand crossbow
 s - a +0 dagger
Armour
 b - a +0 leather armour (worn)
 t - a scarf of harm
Jewellery
 e - a ring of resist corrosion
 n - an amulet of regeneration (around neck)
Wands
 g - a wand of digging (3)
 h - a wand of flame (11)
Scrolls
 c - 2 scrolls of fog
 d - a scroll of identify
 j - 2 scrolls of blinking {unknown}
 p - 2 scrolls of immolation {unknown}
 v - a scroll of vulnerability {unknown}
Potions
 f - 3 potions of haste
 m - a potion of invisibility {unknown}
 o - 4 potions of curing
 q - a potion of ambrosia {unknown}
 r - a potion of might {unknown}
 u - a potion of magic {unknown}


   Skills:
 + Level 5.2 Fighting
 + Level 6.0 Short Blades
 - Level 3.0 Dodging
 * Level 9.3 Stealth


You had 6 spell levels left.
You didn't know any spells.
Your spell library contained the following spells:

 Spells                   Type           Power      Damage    Failure   Level
 Shock                    Conj/Air       0%         1d3       41%         1
 Corpse Rot               Necr/Air       N/A        N/A       54%         2
 Poisonous Vapours        Pois/Air       0%         N/A       54%         2
 Static Discharge         Conj/Air       0%         N/A       54%         2
 Dazzling Flash           Conj/Hex       0%         N/A       78%         3
 Swiftness                Air            0%         N/A       78%         3
 Airstrike                Air            0%         N/A       99%         4
 Dispel Undead            Necr           0%         3d6       99%         4
 Iskenderun's Mystic Bla  Conj/Tloc      0%         2d3       99%         4
 Sticky Flame             Conj/Fire      0%         2d3       99%         4
 Freezing Cloud           Conj/Ice/Air   0%         6-21      100%        5
 Starburst                Conj/Fire      0%         8x6d3     100%        6


Dungeon Overview and Level Annotations

Branches:
Dungeon (5/15)             Temple (1/1) D:4

Altars:

Shops:
D:5 !

Annotations:
D:3 Sigmund
D:4 Menkaure


Innate Abilities, Weirdness & Mutations

You are small and have problems with some larger weapons.
You are completely attuned to the shadows.


Message History

You hit the orc priest but do no damage.
The orc priest is almost dead.
The orc misses you. The orc priest barely misses you.
You hit the orc priest but do no damage.
The orc priest is almost dead.
The orc hits you but does no damage. The orc priest misses you.
You hit the orc priest but do no damage.
The orc priest is almost dead.
The orc hits you from afar with a +0 spear.
* * * LOW HITPOINT WARNING * * *
The orc priest miscasts a cantrip.
You hit the orc priest but do no damage.
The orc priest is almost dead.
The orc hits you from afar with a +0 spear.
* * * LOW HITPOINT WARNING * * *
You hit the orc priest but do no damage.
The orc priest is almost dead.
The orc priest closely misses you.
You hit the orc priest but do no damage.
The orc priest is almost dead.
The orc closely misses you. The orc priest closely misses you.
You hit the orc priest but do no damage.
The orc priest is almost dead.
The orc hits you from afar with a +0 spear.
* * * LOW HITPOINT WARNING * * *
The orc priest mumbles some strange prayers to Beogh against you.
You struggle to resist.
You hit the orc priest but do no damage.
The orc priest is almost dead.
The orc hits you from afar with a +0 spear.
* * * LOW HITPOINT WARNING * * *
The orc priest miscasts a cantrip.
You hit the orc priest but do no damage.
The orc priest is almost dead.
The orc hits you from afar with a +0 spear.
* * * LOW HITPOINT WARNING * * *
You closely miss the orc priest.
The orc priest is almost dead.
The orc priest hits you with a +0 morningstar!
You die...

≈#≈≈≈≈≈≈
≈#≈≈≈≈≈≈≈≈
#≈≈≈≈≈≈≈≈≈
≈≈≈≈...≈≈≈
≈≈≈.@...≈≈
≈≈≈.o<..≈≈
≈≈≈..o..≈≈
≈≈≈≈...≈≈≈
≈≈≈≈≈≈≈≈≈≈
≈≈≈≈≈≈≈≈#


You could see an orc priest and an orc.

Vanquished Creatures
  A necrophage (D:5)
  A phantom (D:5)
  A scorpion (D:4)
  A hound (D:4)
  A jelly (D:5)
  2 iguanas (D:5)
  An orc wizard (D:5)
  A scorpion zombie (D:5)
  A gnoll (D:4)
  4 adders
  A shadow imp (D:5)
  A white imp (D:5)
  2 dart slugs
  6 orcs
  4 bats
  3 endoplasms
  4 giant cockroaches
  5 goblins
  5 hobgoblins
  4 jackals
  2 quokkas
  2 ball pythons
  3 frilled lizards
  4 kobolds
  3 rats
63 creatures vanquished.

Notes
Turn   | Place    | Note
-------+----------+-------------------------------------------
     0 | D:5      | Illumine the Kobold Delver began the quest for the Orb.
     0 | D:5      | Reached XP level 1. HP: 14/14 MP: 1/1
    42 | D:5      | Reached XP level 2. HP: 17/19 MP: 2/2
   134 | D:4      | Noticed a scorpion
   142 | D:4      | Noticed a necrophage
   157 | D:4      | Noticed Menkaure
   297 | D:3      | Noticed a sky beast
   561 | D:3      | Noticed Sigmund
   655 | D:1      | Reached XP level 3. HP: 23/23 MP: 3/3
  1278 | D:2      | Found a faded altar of an unknown god.
  1446 | D:2      | Reached XP level 4. HP: 20/29 MP: 4/4
  1904 | D:3      | Reached skill level 7 in Stealth
  2189 | D:5      | Killed a necrophage
  2190 | D:5      | Reached XP level 5. HP: 15/34 MP: 5/5
  2266 | D:5      | Reached skill level 5 in Short Blades
  2306 | D:5      | Reached skill level 8 in Stealth
  2306 | D:5      | Reached XP level 6. HP: 39/39 MP: 6/6
  2401 | D:5      | Reached XP level 7. HP: 44/44 MP: 7/7
  2457 | D:5      | Found Posettam's Distillery.
  2766 | D:5      | Reached skill level 9 in Stealth
  2863 | D:4      | Reached skill level 5 in Fighting
  3011 | D:4      | Found a staircase to the Ecumenical Temple.
  3017 | Temple   | Entered the Ecumenical Temple
  3032 | Temple   | HP: 2/44 [orc (4)]
  3065 | Temple   | HP: 2/44 [orc (2)]
  3066 | Temple   | Slain by an orc priest

Illustrated notes

Levels and vault maps discovered:
D:1:      minmay_arrival_split_and_join, layout_rooms
D:2:      layout_basic, dreamdust_ecumenical_altar_grove,
          kennysheep_decorative_pillar, st_stairs_9
D:3:      layout_loops_ring, uniq_sigmund
D:4:      layout_basic, minmay_temple_entry_arrows, serial_shops,
          nicolae_shop_temple_entry_statues_fountains, uniq_pikel,
          uniq_menkaure, uniq_grinder
D:5:      layout_basic, gammafunk_ghost_smash, serial_shops,
          nicolae_take_the_stairs
Temple:   regret_index_temple_mists

Skill      XL: |  1  2  3  4  5  6  7 |
---------------+----------------------+-----
Short Blades   | 3 4 5 6 |  6.0
Dodging        | 3 |  3.0
Stealth        | 7 8 9 |  9.3
Fighting       | 4 5 |  5.2

Action                   |  1- 3 |  4- 6 |  7- 9 || total
-------------------------+-------+-------+-------++-------
Melee: Short sword       |    96 |    13 |    19 ||   128
       Dagger            |       |    66 |    89 ||   155
Evoke: Wand              |       |     4 |       ||     4
  Use: Scroll            |     1 |     1 |     1 ||     3
       Potion            |       |       |     2 ||     2
 Stab: Sleeping          |    16 |    16 |     4 ||    36
Armor: Leather armour    |    13 |     8 |    13 ||    34
Dodge: Dodged            |    62 |    50 |    73 ||   185
